Map: Ephemeron LE

Players

Zest

  • Race: Protoss Protoss
  • League: Master
  • Spawn Location: 5:00

Serral - Winner!

  • Race: Zerg Zerg
  • League: Master
  • Spawn Location: 11:00

Event: HomeStory Cup XX

VOD

Have the link to the VOD?

Description

Time

  • Played on: Nov. 24, 2019, 12:29 p.m.
  • Length: 11:24

All games in this series

Show
View Real Time Build Order
Export as new Build Order

Zest Protoss 

Build Orders: 1 Gate Expand, Zealot Archon, Archon Drop, Dark Templar Rush 

Get SALT Encoding   

  12  0:00  Probe  
  13  0:12  Probe  
  14  0:18  Pylon  
  14  0:24  Probe  
  15  0:32  Probe  
  15  0:38  Gateway  
  15  0:40  Probe  
  16  0:47  Assimilator  
  17  0:51  Probe  
  18  1:03  Probe  
  19  1:15  Probe  
  20  1:25  Cybernetics Core  
  20  1:33  Nexus  
  20  1:37  Probe  
  21  1:43  Pylon  
  21  1:49  Probe  
  21  1:51  Assimilator, Adept  
  22  2:01  Probe  
  22  2:04  Warp Gate  
  25  2:12  Adept  
  25  2:14  Probe  
  28  2:26  Probe  
  29  2:35  Twilight Council  
  29  2:38  Probe  
  29  2:43  Probe  
  30  2:45  Stalker  
  30  2:50  Probe  
  34  2:52  Probe  
  35  3:01  Probe  
  35  3:02  Probe  
  35  3:04  Robotics Facility  
  37  3:14  Probe x2  
  37  3:24  Dark Shrine  
  37  3:27  Probe x2  
  39  3:39  Probe x2  
  39  3:40  Warp Prism  
  41  3:41  Gateway  
  41  3:43  Gateway x2  
  41  3:55  Pylon  
  43  3:56  Probe  
  43  4:00  Assimilator  
  43  4:02  Assimilator, Probe  
  45  4:08  Probe  
  46  4:10  Pylon  
  46  4:13  Adept  
  46  4:15  Pylon  
  46  4:16  Probe  
  49  4:21  Probe  
  50  4:28  Probe  
  50  4:29  Probe  
  52  4:40  Dark Templar x2  
  52  4:41  Dark Templar, Probe  
  52  4:42  Dark Templar  
  52  4:44  Probe  
  62  5:02  Nexus  
  62  5:04  Pylon  
  62  5:05  Immortal  
  62  5:15  Shield Battery  
  62  5:20  Archon x2  
  66  5:22  Charge  
  66  5:27  Sentry x2  
  70  5:29  Sentry  
  70  5:30  Probe  
  70  5:31  Probe  
  70  5:32  Zealot  
  76  5:39  Probe  
  76  5:43  Pylon, Probe  
  76  5:49  Immortal  
  78  5:58  Gateway x2  
  78  6:00  Gateway x2  
  82  6:10  Dark Templar x2  
  86  6:14  Pylon  
  86  6:16  Immortal  
  85  6:23  Probe x2  
  86  6:29  Pylon  
  86  6:31  Probe  
  91  6:34  Pylon  
  91  6:41  Archon  
  91  6:44  Dark Templar x2  
  91  6:45  Zealot x2  
  99  6:50  Observer  
  99  6:52  Pylon, Archon  
  99  6:55  Dark Templar  
  99  7:01  Zealot x3  
  108  7:04  Pylon  
  108  7:07  Pylon  
  108  7:20  Dark Templar x2, Zealot x2  
  108  7:22  Zealot x2  
  120  7:26  Archon  
  120  7:27  Zealot  
  117  7:38  Stalker  
  80  7:53  Stalker x5  
  73  8:09  Stalker x2  
  67  8:33  Warp Prism  
  67  8:37  Sentry x2  
  67  9:05  Sentry, Zealot x2  
  72  9:30  Zealot x3  
  30  10:32  Zealot x6  
  38  10:45  Dark Templar  
Show
View Real Time Build Order
Export as new Build Order

Serral Zerg - Winner!

Build Orders: Hatch First 

Get SALT Encoding   

  12  0:00  Drone  
  13  0:12  Overlord  
  13  0:17  Drone  
  14  0:30  Drone  
  14  0:31  Drone  
  16  0:48  Hatchery  
  15  0:51  Drone  
  15  0:55  Drone  
  17  0:58  Drone  
  18  1:10  Extractor  
  17  1:14  Spawning Pool  
  17  1:17  Drone  
  17  1:20  Drone  
  18  1:30  Drone  
  20  1:40  Drone  
  20  1:52  Overlord  
  20  2:01  Queen x2  
  20  2:02  Zergling x4  
  26  2:09  Metabolic Boost  
  26  2:12  Drone  
  26  2:14  Drone  
  28  2:21  Drone x2  
  30  2:33  Drone  
  31  2:43  Hatchery  
  30  2:45  Queen  
  30  2:51  Overlord  
  32  2:54  Zergling x2  
  32  2:56  Zergling x4  
  35  3:09  Drone x2  
  35  3:10  Drone  
  35  3:15  Drone x2  
  35  3:17  Drone x2  
  38  3:20  Overlord  
  38  3:27  Queen  
  38  3:34  Drone x2  
  42  3:37  Drone  
  42  3:40  Lair  
  43  3:47  Roach Warren  
  42  3:50  Drone  
  42  3:51  Drone  
  42  3:54  Drone x2  
  46  3:58  Drone x2  
  46  3:59  Drone  
  46  4:01  Drone  
  50  4:04  Drone x2  
  50  4:07  Extractor  
  50  4:08  Extractor, Drone  
  51  4:10  Drone  
  51  4:15  Overlord  
  51  4:16  Drone  
  53  4:20  Drone  
  54  4:27  Zergling x4  
  54  4:29  Overlord  
  56  4:34  Roach x3  
  56  4:38  Roach x2  
  65  4:41  Overseer  
  65  4:44  Overlord  
  65  4:48  Roach x2  
  65  4:49  Zergling x2  
  70  4:59  Drone x2  
  72  5:01  Drone  
  72  5:03  Drone  
  72  5:04  Drone  
  75  5:09  Overlord  
  75  5:10  Drone x2  
  75  5:12  Drone x2  
  79  5:15  Queen  
  79  5:19  Extractor, Spire  
  79  5:20  Drone  
  80  5:23  Overseer  
  80  5:24  Drone x2  
  80  5:26  Glial Reconstitution  
  82  5:31  Roach  
  82  5:32  Overlord  
  82  5:34  Drone  
  85  5:37  Overlord  
  85  5:38  Drone  
  85  5:44  Extractor x2  
  85  5:45  Overlord  
  85  5:46  Drone x3  
  85  5:49  Overlord  
  86  5:51  Drone x2  
  86  5:53  Overlord  
  86  5:56  Drone x2  
  90  5:59  Overlord  
  90  6:02  Drone x2  
  90  6:03  Drone  
  93  6:06  Drone, Evolution Chamber  
  93  6:09  Overseer  
  93  6:11  Drone  
  94  6:15  Drone x3  
  96  6:20  Overlord  
  96  6:27  Drone  
  96  6:32  Mutalisk x2  
  97  6:33  Mutalisk x4  
  97  6:36  Mutalisk  
  110  6:48  Overlord  
  109  6:55  Roach x7  
  109  6:58  Hatchery  
  122  7:02  Overlord x2  
  122  7:08  Roach x5  
  131  7:10  Ravager  
  131  7:11  Ravager x3  
  131  7:13  Roach x2  
  140  7:15  Ravager  
  140  7:17  Spine Crawler  
  140  7:21  Roach x3  
  145  7:26  Ravager  
  145  7:27  Roach x2  
  150  7:33  Roach x3  
  152  7:39  Roach  
  152  7:40  Roach x4  
  140  7:50  Roach x4  
  122  7:58  Roach x4  
  117  8:05  Ravager  
  117  8:08  Roach  
  117  8:09  Roach  
  94  8:24  Ravager  
  97  8:27  Roach x3  
  97  8:30  Roach  
  103  8:38  Zergling x8  
  105  8:48  Drone  
  106  8:49  Queen x2  
  108  8:59  Ravager x2  
  108  9:03  Drone x2  
  108  9:05  Drone x2  
  108  9:06  Drone x2  
  116  9:17  Ravager x2  
  116  9:19  Roach  
  120  9:24  Roach x2  
  122  9:32  Roach x5  
  133  9:38  Ravager  
  133  9:41  Roach  
  133  9:44  Roach x2  
  139  9:51  Roach  
  133  10:01  Roach x5  
  119  10:11  Roach x4  
  104  10:19  Roach x3  
  102  10:27  Overseer  
  102  10:28  Roach x3  
  99  10:35  Roach x2  
  99  10:45  Roach  
  99  10:46  Roach x3  
  105  10:52  Roach  
  107  10:58  Ravager  
  107  11:03  Roach x3  
Tags
 
Add a new tag
Caveats
  • Supply blocks, unpowered buildings, or Contaminate may cause inaccurate times.
  • Supply counts are checked every 10 seconds.